 Dungeon Crawl Stone Soup version 0.10-a0-1483-ge7e5fb8 character file.

414770 Elynae the Eclecticist (level 23, 0/167 HPs)
             Began as a Mummy Abyssal Knight on Oct 23, 2011.
             Was the Champion of Lugonu.
             Engulfed by a red draconian annihilator's flame (8 damage)
             ... on Level 1 of the Realm of Zot on Oct 24, 2011.
             The game lasted 07:58:13 (156090 turns).

Elynae the Eclecticist (Mummy Abyssal Knight)     Turns: 156090, Time: 07:58:14

HP   0/167       AC 20     Str 15      XL: 23   Next: 39%
MP   0/37        EV 16     Int 21      God: Lugonu [******]
Gold 680         SH 12     Dex 11      Spells: 12 memorised,  2 levels left

Res.Fire  : . . .   See Invis. : .   a - +9,+8 elf quick blade (distort)
Res.Cold  : + + +   Warding    : . . f - +4 skin of Zhor {rC++}
Life Prot.: + + +   Conserve   : .   p - +6 buckler "Ogafaho" {+Lev rF+}
Res.Acid. : . . .   Res.Corr.  : .   c - +2 wizard hat {Int+3}
Res.Poison: +       Clarity    : .   j - +0 cloak {rPois}
Res.Elec. : .       Spirit.Shd : +   e - +2 pair of gloves "Sinkiph" {+Lev Stlth++}
Sust.Abil.: . .     Stasis     : .   y - +2 pair of boots {run}
Res.Mut.  : .       Ctrl.Telep.: +   z - amulet of Mistrust {Spirit rN+ MR Dam+5}
Res.Rott. : +       Levitation : .   N - +5 ring of protection
Saprovore : . . .   Ctrl.Flight: .   r - ring of teleport control

@: about to teleport, very slightly contaminated, quick, incredibly resistant to
hostile enchantments, stealthy
A: no food or potions, fire vulnerability, in touch with death, cold resistance
1, life protection 3, poison resistance, torment resistance, unbreathing
a: Self-Restoration, Depart the Abyss, Bend Space, Banish, Corrupt, Enter the
Abyss, Renounce Religion, Evoke Levitation
}: 3/15 runes: decaying, serpentine, slimy


You were on level 1 of the Realm of Zot.
You worshipped Lugonu.
Lugonu was exalted by your worship.
You were not hungry.

You visited 12 branches of the dungeon, and saw 76 of its levels.
You visited the Abyss 13 times.
You visited 3 bazaars.
You visited 4 portal chambers: sewer, spiders nest, ice_cave, bailey.

You collected 10361 gold pieces.
You spent 9701 gold pieces at shops.

Inventory:

Hand weapons
 a - a +9,+8 elven quick blade of distortion (weapon)
 m - the +3,+4 Vampire's Tooth {vamp}
   (You found it on level 26 of the Dungeon)

   It inflicts no extra harm, but heals its wielder somewhat when it strikes a
   living foe.
 E - a +1,+1 demon blade of pain
 J - a +1,+1 vampiric executioner's axe
Missiles
 n - 6 poisoned +0 javelins (quivered)
Armour
 c - a +2 wizard hat of intelligence (worn)
 e - the +2 pair of gloves "Sinkiph" (worn) {+Lev Stlth++}
   (You acquired it in the Abyss)

   It lets you levitate.
   It makes you much more stealthy.
 f - the +4 skin of Zhor (worn) {rC++}
   (You acquired it on level 4 of the Orcish Mines)

   It greatly protects you from cold.
 j - a +0 cloak of poison resistance (worn)
 p - the +6 buckler "Ogafaho" (worn) {+Lev rF+}
   (You took it off Norris on level 3 of the Elven Halls)

   It protects you from fire.
   It lets you levitate.
 y - a +2 pair of boots of running (worn)
Magical devices
 g - a wand of cold (4)
 o - a wand of fire (10)
 t - a wand of draining (7)
 H - a wand of heal wounds (7)
 I - a wand of teleportation (4)
 L - a wand of teleportation (7)
 P - a wand of hasting (6)
 Q - a wand of heal wounds (9)
 R - a wand of digging (4)
 S - a wand of teleportation (7)
Scrolls
 b - 3 scrolls of remove curse
 d - a scroll of vulnerability
 h - 2 scrolls of detect curse
 i - a scroll of fear
 k - a scroll of fog
 q - 3 scrolls of magic mapping
Jewellery
 l - an uncursed amulet of stasis
 r - a ring of teleport control (left hand)
 s - an uncursed ring of protection from magic
 u - an uncursed ring of magical power
 v - an uncursed ring of wizardry
 w - an uncursed amulet of clarity
 z - the amulet of Mistrust (around neck) {Spirit rN+ MR Dam+5}
   (You found it on level 17 of the Dungeon)

   [amulet of guardian spirit]

   It affects your damage-dealing abilities (+5).
   It protects you from negative energy.
   It increases your resistance to enchantments.
 A - an uncursed amulet of controlled flight
 D - an uncursed amulet of resist mutation
 F - an uncursed ring of see invisible
 K - the ring "Bublout" {rF+ rN+ SInv}
   (You found it on level 5 of the Elven Halls)

   [ring of protection from fire]

   It protects you from negative energy.
   It enhances your eyesight.
 N - a +5 ring of protection (right hand)
 U - the amulet of Cekugob {Ward -TELE Hunger rElec rPois rN+ AC+1 EV+1}
   (You found it on level 5 of the Crypt)

   [amulet of warding]

   It affects your AC (+1).
   It affects your evasion (+1).
   It insulates you from electricity.
   It protects you from poison.
   It protects you from negative energy.
   It prevents most forms of teleportation.
   It speeds your metabolism.


   Skills:
 - Level 11 Fighting
 - Level 10 Short Blades
 - Level 4 Polearms
 - Level 1 Armour
 - Level 10 Dodging
 + Level 5 Traps & Doors
 - Level 15 Spellcasting
 - Level 6 Conjurations
 - Level 12 Charms
 - Level 15 Summonings
 - Level 14 Necromancy
 - Level 13 Translocations
 - Level 1 Air Magic
 - Level 10 Invocations


You had 2 spell levels left.
You knew the following spells:

 Your Spells              Type           Power        Success   Level  Hunger
a - Swiftness             Air/Chrm       ######....   Excellent   2    N/A
b - Shadow Creatures      Summ           N/A          Excellent   5    N/A
c - Haunt Summ/Necr       ########..     Very         Good        7    N/A
d - Agony                 Necr           ########.    Excellent   5    N/A
e - Recall                Tloc/Summ      N/A          Excellent   3    N/A
f - Haste                 Chrm           #######..    Great       6    N/A
g - Summon Greater Demon  Summ           #######...   Great       7    N/A
h - Controlled Blink      Tloc           N/A          Good        7    N/A
i - Abjuration            Summ           #######...   Excellent   3    N/A
j - Blink                 Tloc           N/A          Excellent   2    N/A
k - Repel Missiles        Air/Chrm       ######....   Excellent   2    N/A
l - Apportation           Tloc           #######...   Excellent   1    N/A

Dungeon Overview and Level Annotations

Branches:
Dungeon (27/27)            Temple (1/1) D:4             Orc (4/4) D:11
    Elf (5/5) Orc:3          Lair (8/8) D:11          Swamp (5/5) Lair:4
  Slime (6/6) Lair:7        Snake (5/5) Lair:5        Vault (8/8) D:18
  Blade (0/1) Vault:6       Crypt (5/5) Vault:3        Tomb (0/3) Crypt:3
   Hell (1/1)                 Zot (1/5) D:27
    Dis: Hell:1         Geh: Hell:1         Coc: Hell:1         Tar: Hell:1

Altars:
Ashenzari
Cheibriados
Elyvilon
Fedhas
Kikubaaqudgha
Makhleb
Nemelex Xobeh
Okawaru
Sif Muna
The Shining One
Trog
Vehumet
Xom
Yredelemnul
Zin
Jiyva
Lugonu

Shops:
D:5: = D:9: ( D:10: %=/%( D:11: ([ D:15: * D:19: //!* D:21: = D:27: !( Orc:4: **?* Elf:5: ! Snake:3: + Vault:1: * Vault:6: / Vault:7: *[**

Portals:
Hell: D:21 D:22 D:23 D:24* D:25* D:26 D:27
Abyss: D:21 D:24 D:25
Pan: D:22 D:24 D:26
Ziggurat: D:15 (7290 gp) D:25 (3730 gp)

Annotations
Slime:5 exclusion: downstairs
Snake:1 Wiglaf
Vault:2 exclusion: Boris
Crypt:4 exclusion: curse skull


Innate Abilities, Weirdness & Mutations

You do not eat or drink.
Your flesh is vulnerable to fire.
You are in touch with the powers of death.
You can restore your body by infusing magical energy.
Your flesh is cold resistant.
You are immune to negative energy.
Your system is resistant to poisons.
You are immune to unholy pain and torment.
You do not need to breathe.


Message History

The pale draconian breathes steam at you.
The ball of steam hits you!
The red draconian annihilator breathes fire at you.
The searing blast hits you!
* * * LOW HITPOINT WARNING * * *
You swap places.
Your moth of wrath is engulfed in a cloud of scalding steam.
Evoke which item? (* to show all) (? for menu, Esc to quit)
Okay, then.
Put on which piece of jewellery? (? for menu, Esc to quit)
Wearing an uncursed ring of teleport control.
You're wearing two rings.
Remove which one? (v/N//Esc) < or
v - a ring of wizardry; > or
N - a +5 ring of protection You remove your ring of wizardry.
The red draconian annihilator breathes fire at you.
The searing blast hits you!
* * * LOW HITPOINT WARNING * * *
r - a ring of teleport control (left hand)
You are engulfed in roaring flames.
You die...

▒∙▒ ▒∙▒ ▒)▒ ▒∙▒ ▒∙▒
▒∙▒ ▒∙▒
▒▒▒▒▒▒▒▒▒▒▒∙▒▒▒▒▒▒▒▒
▒∙∙∙∙∙∙yd∙∙@#∙∙∙$∙∙▒
▒∙∙∙∙[∙▒▒▒▒#▒▒▒▒∙∙∙∙
▒∙∙∙y∙p▒ ▒y▒
▒∙∙∙∙∙W▒▒▒▒∙▒▒▒▒
▒∙y∙∙∙∙▒▒#\∙∙∙∙▒
▒▒▒▒▒!▒▒▒∙d∙∙∙∙▒ ▒∙▒
▒∙∙∙∙∙∙▒ ▒y▒
▒∙∙∙$∙∙▒ ▒∙▒
▒?∙∙∙∙∙▒


You could see a pale draconian, a red draconian annihilator, a moth of wrath and
a friendly moth of wrath.

Vanquished Creatures
  Margery (Vault:4)
  4 Pit Fiends
  Agnes (Snake:1)
  2 sphinxes
  2 Ice Fiends
  A Shadow Fiend (Crypt:5)
  Donald (Snake:4)
  4 Executioners
  A quicksilver dragon skeleton (Crypt:5)
  6 stone giants
  A fire giant (D:26)
  3 azure jellies
  6 greater nagas
  A Green Death (Abyss)
  3 yaktaur captains
  2 great orbs of eyes
  A mummy priest (Crypt:3)
  A dragon (D:22)
  A siren (shapeshifter) (D:19)
  2 anacondas
  3 ogre magi
  A deep elf demonologist (Elf:5)
  5 hydras
  3 dancing weapons (Crypt:5)
  A harpy (D:16)
  An anaconda skeleton (Abyss)
  A death yak (D:26)
  2 very ugly things
  2 sphinx skeletons
  2 stone giant skeletons
  A sun demon (Abyss)
  4 centaur warriors
  2 iron trolls
  12 deep elf knights
  3 flayed ghosts
  A death yak zombie (Crypt:1)
  A red draconian zombie (Crypt:1)
  3 naga warriors
  18 skeletal warriors
  A giant orange brain (Slime:4)
  7 deep trolls
  An iron troll zombie (Vault:1)
  A red draconian skeleton (Crypt:4)
  6 giant amoebae
  A wizard (Vault:3)
  3 large abominations
  Pikel (D:8)
  A blink frog (Lair:8)
  A necromancer (Crypt:5)
  2 iron troll skeletons
  Joseph (D:11)
  9 orc knights
  7 hill giants
  A catoblepas zombie (Crypt:1)
  A shining eye (Slime:4)
  3 griffons
  8 guardian serpents
  An orc sorcerer (Vault:6)
  A flaming corpse (Crypt:4)
  A moth of wrath (Zot:1)
  Grum (D:12)
  Maurice (D:13)
  A wolf spider (D:16)
  A spiny worm (D:24)
  An alligator zombie (Crypt:1)
  2 ettin zombies
  5 cyclopes
  An elephant slug (Lair:7)
  41 slime creatures
  An ice dragon zombie (Crypt:3)
  2 feature mimics (Vault:1)
  A spiny frog (Lair:2)
  A dragon skeleton (D:19)
  2 ice dragon skeletons
  16 black mambas
  8 elf zombies
  3 guardian mummies (Crypt:3)
  2 spriggan zombies (Crypt:1)
  A hill giant zombie (Crypt:4)
  9 naga magi
  A tormentor (Abyss)
  A mermaid (shapeshifter) (D:26)
  17 yaktaurs
  3 hellwings (Abyss)
  An orange demon (Snake:1)
  An efreet (Abyss)
  A spriggan (shapeshifter) (Elf:2)
  A raven zombie (D:23)
  A komodo dragon (Lair:7)
  5 rock trolls
  62 ugly things
  4 smoke demons (Abyss)
  5 trolls
  A black draconian simulacrum (Crypt:3)
  2 rock troll zombies
  A draconian zombie (Crypt:4)
  5 redbacks
  A troll (shapeshifter) (Vault:3)
  A queen bee (D:11)
  5 silent spectres
  5 two-headed ogres
  2 brown oozes
  4 hydra simulacra (Swamp:5)
  2 deep troll skeletons
  A raven (shapeshifter) (Vault:1)
  A rotting hulk (Crypt:4)
  5 bumblebees
  A spiny frog skeleton (Crypt:3)
  A redback zombie (D:23)
  A blue devil (Abyss)
  2 blink frog zombies
  5 vampires
  15 yaks
  A hog zombie (Crypt:3)
  4 ynoxinuls (Abyss)
  A shark (D:26)
  11 wraiths
  3 deep elf conjurers
  Eustachio (D:6)
  2 chaos spawn
  A wood golem (D:14)
  A merfolk (shapeshifter) (Elf:5)
  4 neqoxecs (Abyss)
  3 item mimics
  A hippogriff (D:12)
  A lindwurm skeleton (Crypt:3)
  12 deep elf fighters
  A fire drake zombie (Crypt:1)
  4 wyverns
  6 hungry ghosts
  7 deep elf summoners
  A blink frog skeleton (Crypt:4)
  24 necrophages
  19 vampire mosquitoes
  5 small abominations
  A wyvern zombie (D:12)
  7 deep elf priests
  10 insubstantial wisps
  A soldier ant (D:17)
  A mermaid skeleton (Crypt:2)
  4 slaves (D:7)
  23 orc warriors
  2 black bears (Lair:4)
  A yaktaur skeleton (Vault:2)
  12 freezing wraiths
  2 yellow wasps
  6 ice beasts
  A manticore skeleton (Abyss)
  A sky beast (D:11)
  6 swamp worms
  A red devil (Elf:5)
  5 phantoms
  23 centaurs
  4 swamp drakes
  25 ogres
  9 giant goldfish
  A crocodile (D:13)
  An ogre (shapeshifter) (Vault:3)
  A boring beetle (D:20)
  2 elf skeletons
  A yak skeleton (D:16)
  A war dog zombie (Crypt:1)
  Sigmund (D:2)
  4 big kobolds
  2 boring beetle zombies
  8 deep elf magi
  A giant frog (shapeshifter) (Elf:4)
  54 nagas
  A giant frog zombie (Crypt:3)
  A water moccasin zombie (Crypt:1)
  25 water moccasins
  A tarantella zombie (Crypt:2)
  2 giant slugs
  5 wargs
  10 giant frogs
  2 wolves (Port)
  2 basilisk zombies
  3 agate snails
  A black bear skeleton (Crypt:3)
  4 giant leeches
  Blork the orc (D:4)
  2 giant goldfish simulacra (Swamp:5)
  5 eyes of draining
  A killer bee zombie (Crypt:3)
  29 killer bees
  2 jellyfish (D:21)
  2 boulder beetles
  An electric eel (Temple)
  A lava snake (D:25)
  29 wights
  A brain worm zombie (Crypt:1)
  A deep dwarf zombie (Crypt:5)
  2 demigod zombies
  7 shadows
  2 felid skeletons
  A felid zombie (Crypt:1)
  2 big kobold zombies
  5 crimson imps
  A pulsating lump (Slime:5)
  3 goliath beetles
  2 mottled dragon zombies
  2 ogre zombies
  A deep dwarf skeleton (Crypt:3)
  A demigod skeleton (Crypt:2)
  2 hound zombies
  A big kobold skeleton (D:23)
  A kenku skeleton (Crypt:1)
  5 spiders (Port)
  9 orc priests
  5 hounds
  2 iguanas
  A spider zombie (Crypt:4)
  4 big fish
  An iron imp (Abyss)
  7 orange rats
  3 scorpions
  22 deep elf soldiers
  3 hound skeletons
  A killer bee simulacrum (Crypt:3)
  3 porcupines
  2 worker ant zombies
  14 worker ants
  An orange rat zombie (Crypt:3)
  11 orc wizards
  7 sheep
  A worm zombie (D:23)
  Ijyb (D:2)
  5 jellies
  7 boggarts
  A goliath beetle zombie (Crypt:3)
  5 mummies
  32 flying skulls
  23 green rats
  9 midges (Abyss)
  15 gnolls
  4 lemures (Abyss)
  A scorpion zombie (Crypt:4)
  A snake zombie (D:23)
  13 white imps (Abyss)
  3 giant centipedes
  A halfling skeleton (Crypt:3)
  An iguana skeleton (Crypt:4)
  36 snakes
  A snake skeleton (D:5)
  3 giant mites
  34 ufetubi
  4 worms
  An electric eel simulacrum (Swamp:5)
  28 grey rats
  A bat zombie (Crypt:1)
  8 giant eyeballs
  A giant mite zombie (D:7)
  A green rat zombie (Crypt:1)
  3 oozes
  107 orcs
  39 hobgoblins
  52 kobolds
  7 quokkas
  8 small snakes
  53 bats
  9 giant cockroaches
  A giant cockroach zombie (Crypt:1)
  9 giant geckos
  2 giant gecko zombies
  7 giant newts
  2 giant newt zombies
  34 goblins
  A goblin skeleton (Crypt:3)
  A hobgoblin skeleton (D:4)
  3 illusory rakshasas (D:26)
  24 jackals
  2 jackal skeletons
  A kobold skeleton (D:5)
  2 kobold zombies
  An orc skeleton (D:6)
  An orc zombie (D:5)
  48 rats
  A rat skeleton (D:11)
  2 rat zombies
  A small snake skeleton (D:23)
  2 spectral orcs (D:17)
  18 ballistomycetes
  A butterfly (D:24)
  2 fungi
  A toadstool (Vault:3)
1719 creatures vanquished.

Vanquished Creatures (collateral kills)
  the royal jelly (Slime:6)
  An ancient lich (Crypt:5)
  Khufu (Crypt:4)
  Saint Roka (Snake:1)
  Boris (thrice) (Vault:2 Vault:3 Vault:6)
  Norris (Elf:3)
  Mara (Vault:7)
  Geryon (Hell)
  Xtahua (Vault:7)
  Frederick (Vault:7)
  Nikola (Orc:4)
  2 Pit Fiends (Crypt:5)
  A deep elf blademaster (Elf:5)
  20 acid blobs
  3 liches
  A shadow dragon (Zot:1)
  An Ice Fiend (Crypt:5)
  Rupert (D:14)
  Frances (D:17)
  Roxanne (Elf:2)
  Aizul (Swamp:3)
  2 ghouls
  4 frost giants
  An orc warlord (Port)
  A balrug (Slime:2)
  A bone dragon (Crypt:5)
  A draconian zealot (Zot:1)
  Louise (D:17)
  A tentacled monstrosity (Vault:6)
  Gastronok (D:13)
  19 stone giants
  11 azure jellies
  A draconian shifter (Zot:1)
  An ophan (D:17)
  5 fire giants
  3 curse skulls
  2 shedu (D:17)
  5 greater nagas (Snake:5)
  4 deep elf annihilators (Elf:5)
  A white draconian (Zot:1)
  Azrael (D:17)
  A reaper (Hell)
  6 deep elf sorcerers (Elf:5)
  A titan zombie (Crypt:3)
  3 vampire knights
  A storm dragon zombie (Crypt:5)
  4 deep elf death magi (Elf:5)
  Snorg (Orc:4)
  3 ettins
  2 dancing weapons (Crypt:5)
  A minotaur (D:26)
  A yellow draconian (D:27)
  2 deep elf master archers (Elf:5)
  A vault guard (Vault:7)
  3 dragons
  22 yaktaur captains
  2 storm dragon skeletons
  A golden dragon zombie (Crypt:5)
  8 hydras
  5 great orbs of eyes
  Erica (Orc:4)
  Josephine (D:16)
  6 death oozes
  A golden dragon skeleton (Crypt:5)
  5 deep elf demonologists (Elf:5)
  5 anacondas
  10 ogre magi
  A spriggan druid (Lair:4)
  A frost giant zombie (D:23)
  An alligator (Swamp:2)
  3 ice dragons
  6 death yaks
  23 deep trolls
  An orc high priest (Orc:4)
  Nergalle (D:17)
  A frost giant skeleton (D:23)
  2 deep elf high priests (Elf:5)
  3 iron golems
  An iron dragon skeleton (D:22)
  3 stone giant skeletons
  7 centaur warriors
  3 unseen horrors
  A dire elephant zombie (Crypt:4)
  2 fire giant skeletons
  2 iron trolls
  19 deep elf knights
  9 hell knights
  4 cyclopes
  2 soul eaters
  3 shadow wraiths
  36 skeletal warriors
  3 flayed ghosts
  2 naga warriors
  An iron troll zombie (D:22)
  4 hill giants
  3 giant orange brains
  An ice statue (Vault:3)
  2 harpies (D:16)
  2 guardian serpents (Snake:5)
  7 necromancers
  A green draconian skeleton (Crypt:2)
  20 orc knights
  2 flaming corpses
  3 crystal golems (Crypt:5)
  3 spiny worms
  A black draconian skeleton (Abyss)
  Urug (D:12)
  A hydra zombie (D:16)
  A hellion (Crypt:5)
  18 giant amoebae
  11 orc sorcerers
  23 two-headed ogres
  3 oklob plants (D:20)
  3 phantasmal warriors
  2 hydra skeletons
  4 fire crabs
  2 red wasps
  A moth of wrath (Zot:1)
  An ettin zombie (D:22)
  A harpy skeleton (D:16)
  A wolf spider (D:16)
  A large abomination (Abyss)
  7 rock trolls
  2 griffons
  4 elves (shapeshifter)
  6 elephants (Lair:8)
  2 eyes of devastation (Slime:2)
  7 shining eyes
  7 spiny frogs
  4 black mambas
  3 hill giant zombies
  49 yaktaurs
  66 slime creatures
  4 hellwings
  2 orange demons (Elf:5)
  A guardian mummy (Crypt:3)
  2 trapdoor spiders
  4 naga magi
  A hill giant skeleton (D:16)
  29 ugly things
  6 smoke demons
  14 trolls
  A troll (shapeshifter) (D:14)
  An iron troll simulacrum (Vault:2)
  A deep troll zombie (Vault:7)
  A snapping turtle (shapeshifter) (D:26)
  A raven skeleton (Crypt:5)
  A sea snake simulacrum (Crypt:2)
  5 komodo dragons
  2 redbacks
  A death drake simulacrum (Crypt:4)
  3 basilisks
  2 deep troll skeletons (Vault:5)
  11 brown oozes
  2 rock troll skeletons
  10 hydra simulacra (Swamp:5)
  A redback zombie (D:23)
  5 bumblebees
  An ettin simulacrum (Crypt:2)
  A grizzly bear (Lair:3)
  4 hairy devils
  12 blink frogs
  A blue devil (Elf:5)
  7 wraiths
  2 ynoxinuls
  An ice dragon simulacrum (Crypt:4)
  A wyvern (D:13)
  22 yaks
  A chaos spawn (Snake:1)
  2 fire elementals (D:17)
  10 deep elf conjurers
  5 hippogriffs
  5 fire drakes
  A lindwurm skeleton (Crypt:5)
  2 vampires (Crypt:4)
  A neqoxec (Elf:5)
  3 hungry ghosts
  7 deep elf summoners
  8 golden eyes
  A merfolk (shapeshifter) (Elf:5)
  22 deep elf fighters
  A small abomination (Vault:3)
  2 war dogs (D:12)
  4 vampire mosquitoes
  A rock worm (D:16)
  13 necrophages
  A manticore (shapeshifter) (Vault:7)
  3 insubstantial wisps (Swamp:5)
  4 hell hounds
  A manticore zombie (Crypt:2)
  2 mottled dragons
  A swamp worm (Swamp:2)
  3 manticores
  8 crocodiles
  36 orc warriors
  6 giant goldfish
  A blink frog simulacrum (Crypt:3)
  3 ice beasts
  6 freezing wraiths
  A black bear (Lair:4)
  A queen bee zombie (D:23)
  A cyclops skeleton (D:16)
  A phantom (Swamp:2)
  3 red devils
  2 yak zombies
  2 hell beasts
  A swamp drake (Swamp:2)
  13 deep elf magi
  41 ogres
  2 wolves (Lair:4)
  13 nagas
  12 centaurs
  4 lava worms
  4 giant frogs
  7 wargs
  13 water moccasins
  3 boring beetles
  A gnoll sergeant (D:11)
  A brain worm (Abyss)
  An octopode zombie (Crypt:3)
  2 rotting devils
  9 elf zombies
  3 big kobolds
  7 deep elf priests
  7 agate snails
  3 giant slugs
  A basilisk skeleton (D:16)
  A killer bee zombie (D:14)
  6 wights
  6 eyes of draining
  2 boulder beetles
  A giant leech (Swamp:2)
  7 electric eels
  3 big kobold zombies
  2 pulsating lumps (Slime:3)
  6 jellyfish
  10 killer bees
  2 big kobold skeletons
  4 goliath beetles
  12 crimson imps
  10 orc priests
  4 quasits
  3 iguanas
  An iron imp (D:25)
  2 shadows
  40 deep elf soldiers
  5 orange rats
  24 orc wizards
  A kenku simulacrum (Crypt:2)
  2 hounds
  2 porcupines
  An orange rat skeleton (Crypt:5)
  2 worker ants
  10 sheep
  A goliath beetle zombie (D:11)
  4 boggarts
  5 jellies
  2 mummies
  8 snakes
  A midge (Abyss)
  14 flying skulls
  10 gnolls
  3 lemures
  3 giant centipedes
  37 green rats
  2 shadow imps
  2 white imps (Abyss)
  A worm (D:11)
  8 ufetubi
  9 grey rats
  6 giant eyeballs
  A giant gecko (Lair:1)
  5 oozes
  131 orcs
  A giant cockroach (D:22)
  8 goblins
  5 hobgoblins
  5 jackals
  6 kobolds (D:13)
  3 quokkas
  12 bats
  2 kobold zombies (D:13)
  8 rats
  A bush (Lair:5)
  8 fungi
  7 plants
1603 creatures vanquished.

Vanquished Creatures (others)
  A deep elf blademaster (Elf:5)
  A storm dragon (D:25)
  An Ice Fiend (Zot:1)
  2 azure jellies (Slime:6)
  A balrug (Crypt:5)
  A quicksilver dragon skeleton (Elf:5)
  A cacodemon (Crypt:5)
  3 deep elf annihilators (Elf:5)
  2 Green Deaths
  2 deep elf sorcerers (Elf:5)
  A deep elf death mage (Elf:5)
  2 reapers
  A minotaur (D:26)
  2 blizzard demons
  3 yaktaur captains
  3 great orbs of eyes
  A storm dragon zombie (Vault:2)
  A hydra (Swamp:3)
  A storm dragon skeleton (Crypt:5)
  68 large abominations
  3 lorocyprocas
  2 ogre magi
  An iron dragon zombie (Crypt:1)
  2 deep trolls
  5 centaur warriors
  A fire giant zombie (Crypt:2)
  19 very ugly things
  A stone giant zombie (Vault:4)
  An iron golem (Crypt:5)
  3 rakshasas
  A fire giant skeleton (Vault:2)
  An iron dragon skeleton (Crypt:3)
  A frost giant skeleton (Vault:4)
  2 shadow demons
  51 shadow wraiths
  13 skeletal warriors
  A giant orange brain (Elf:5)
  6 deep elf knights
  2 hill giants
  3 naga warriors
  2 red draconian zombies
  37 flayed ghosts
  A green draconian zombie (Crypt:1)
  A giant amoeba (Vault:6)
  3 orc knights
  A hellion (Crypt:5)
  A flaming corpse (Crypt:5)
  3 harpy zombies
  A spiny worm (D:24)
  A griffon (D:15)
  3 guardian serpents (Snake:5)
  A griffon zombie (Crypt:5)
  A trapdoor spider zombie (Crypt:3)
  2 feature mimics
  2 red wasps
  58 phantasmal warriors
  A red wasp zombie (D:23)
  2 catoblepas skeletons
  An ettin zombie (Crypt:2)
  42 slime creatures
  A wolf spider (Port)
  2 trapdoor spiders (D:16)
  An ice dragon skeleton (D:19)
  3 tormentors
  A rock troll (D:20)
  2 guardian mummies (Crypt:3)
  4 naga magi
  8 yaktaurs
  71 ugly things
  A hill giant zombie (D:15)
  3 trolls
  3 two-headed ogres
  3 smoke demons (Elf:5)
  A rock troll zombie (Vault:3)
  A komodo dragon (Slime:1)
  5 hydra simulacra (Swamp:5)
  A deep dwarf artificer (Elf:5)
  A brown ooze (Slime:4)
  2 hell beasts (Crypt:5)
  58 hungry ghosts
  2 deep elf conjurers
  A yak (D:21)
  290 wraiths
  A yaktaur zombie (Vault:1)
  A vampire (D:23)
  2 sharks (D:26)
  3 deep elf summoners
  A chaos spawn (Elf:5)
  A neqoxec (Elf:5)
  2 vampire mosquitoes
  A hippogriff (D:19)
  5 deep elf fighters
  An ice beast (D:5)
  A mottled dragon (Vault:3)
  4 necrophages
  2 manticores
  A deep dwarf (Snake:5)
  86 freezing wraiths
  2 insubstantial wisps
  6 orc warriors
  10 ogres
  A kenku (Snake:5)
  6 centaurs
  19 small abominations
  A bumblebee zombie (D:23)
  A deep elf priest (Elf:2)
  46 phantoms
  A giant goldfish (D:21)
  13 nagas
  A yak skeleton (Elf:5)
  2 boring beetles
  A boring beetle zombie (D:21)
  2 sky beasts
  A giant frog (Lair:7)
  5 water moccasins
  A soldier ant zombie (D:23)
  A warg (Vault:7)
  2 deep elf magi (D:13)
  2 water moccasin zombies
  A warg skeleton (Crypt:1)
  2 killer bee zombies
  A boulder beetle (Vault:4)
  A demigod zombie (Crypt:1)
  3 wights
  A killer bee (D:11)
  An electric eel (Temple)
  A hound zombie (Lair:7)
  2 big fish (Temple)
  An orange rat (Elf:3)
  An iron imp (Snake:5)
  3 deep elf soldiers
  3 orc wizards
  2 jellies
  A worker ant (D:15)
  3 flying skulls
  3 gnolls
  8 lemures
  6 midges
  2 snakes (Snake:5)
  4 elf zombies
  A snake skeleton (Snake:5)
  7 white imps
  A giant mite (Lair:6)
  7 ufetubi
  A giant eyeball (D:14)
  A giant gecko (D:5)
  9 orcs
  A hobgoblin (Port)
  A bat (D:5)
  A giant gecko zombie (D:12)
  5 giant spores
  A goblin skeleton (Crypt:2)
  A goblin zombie (Port)
  11 illusory rakshasas
  3 kobolds
  4 orc zombies
  A quokka zombie (Crypt:5)
  4 rats
  16 fungi
  3 plants (Lair:8)
  173 toadstools
1384 creatures vanquished.

Grand Total: 4706 creatures vanquished

Notes
Turn   | Place    | Note
--------------------------------------------------------------
     0 | Abyss    | Elynae, the Mummy Abyssal Knight, began the quest for the Orb.
     0 | Abyss    | Reached XP level 1. HP: 16/16 MP: 1/1
   109 | Abyss    | Reached XP level 2. HP: 12/22 MP: 2/2
   110 | D:1      | You pass through the gate.
   380 | D:1      | Acquired Lugonu's first power
   439 | D:1      | Reached skill level 1 in Dodging
   708 | D:1      | Acquired Lugonu's second power
   802 | D:1      | Reached XP level 3. HP: 26/28 MP: 4/4
  1031 | D:2      | Noticed Ijyb
  1053 | D:2      | Defeated Ijyb
  1167 | D:2      | Noticed Sigmund
  1583 | D:1      | Reached XP level 4. HP: 17/34 MP: 5/5
  2065 | D:2      | Found a glowing golden altar of the Shining One.
  2564 | D:3      | Acquired Lugonu's third power
  3167 | D:3      | Reached skill level 4 in Polearms
  3299 | D:3      | Found a glowing drain.
  3313 | D:3      | Reached XP level 5. HP: 40/40 MP: 7/7 3324
                  | sewer
                  | Entered the sewers 3689
                  | sewer
                  | Acquired Lugonu's fourth power 4316
                  | sewer
                  | Reached XP level 6. HP: 27/46 MP: 7/9
  4921 | D:4      | Paralysed by a giant eyeball for 2 turns
  4985 | D:4      | Got a shimmering leather armour
  4986 | D:4      | Identified the cursed -1 leather armour of Nokkoxuev (You found it on level 4 of the Dungeon)
  5090 | D:4      | Reached skill level 1 in Short Blades
  5302 | D:4      | Noticed Blork the orc
  5319 | D:4      | Defeated Blork the orc
  5528 | D:4      | Found a staircase to the Ecumenical Temple.
  5563 | D:5      | Entered Level 5 of the Dungeon
  5624 | D:5      | Paralysed by a giant eyeball for 4 turns
  5797 | D:5      | Reached XP level 7. HP: 22/51 MP: 11/11
  6836 | D:5      | Found Cryown's Jewellery Emporium.
  6842 | D:5      | Bought an uncursed ring of fire for 260 gold pieces
  7217 | D:5      | Found a white marble altar of Elyvilon.
  7633 | D:5      | Acquired Lugonu's fifth power
  8313 | D:6      | Noticed Eustachio
  8342 | D:6      | Defeated Eustachio
  8342 | D:6      | Reached skill level 5 in Short Blades
  8354 | D:6      | Reached XP level 8. HP: 21/58 MP: 13/13
  9288 | D:6      | Found an iron altar of Okawaru.
  9292 | D:6      | Miral: Man muss den Orb of Zod komplett aus dem Dungeon bringen?
  9292 | D:6      | Ja, wenn du auf dem Weg nach oben stirbst hast du auch verloren
  9294 | D:6      | außerdem, Zot :P
  9319 | D:6      | den anderen Char habe ich übrigens gerade gewonnen, dieser ist
  9319 | D:6      | so ziemlich der schwächste aller zeiten
  9326 | D:6      | Reached skill level 5 in Invocations
  9508 | D:6      | Miral: sonst gibts ja auch keine Herausforderungen :p
  9536 | D:6      | das hier war nicht meine ideee
  9536 | D:6      | *idee
  9570 | D:6      | das hier ruiniert aber wahrscheinlich meine gewinnsträhne
  9773 | D:6      | Miral: Du armer
  9808 | D:6      | das leben ist hart
  9808 | D:6      | stone soup ist härter
 10472 | D:7      | Got a black book
 10477 | D:7      | Identified the Reference Book on Attacks (You found it on level 7 of the Dungeon)
 10828 | D:7      | Reached skill level 6 in Short Blades
 11426 | D:8      | Noticed Pikel
 11436 | D:8      | Defeated Pikel
 11436 | D:8      | Reached skill level 7 in Short Blades
 11436 | D:8      | Reached XP level 9. HP: 13/63 MP: 16/16
 12530 | D:9      | Reached skill level 8 in Short Blades
 13760 | D:9      | Found a sparkling altar of Nemelex Xobeh.
 13825 | D:9      | Noticed a griffon
 13835 | D:10     | Entered Level 10 of the Dungeon
 13835 | D:10     | Found Wang's Food Boutique.
 14022 | D:10     | Found Pocakuh's Food Shop.
 14418 | D:10     | Found Hiseiwko's Jewellery Shoppe.
 14535 | D:10     | Found Ehiqut Epai's Magical Wand Shoppe.
 14555 | D:10     | Reached skill level 9 in Short Blades
 14593 | D:10     | Bought a wand of disintegration (9) for 143 gold pieces
 14976 | D:10     | Reached XP level 10. HP: 35/70 MP: 18/18
 15690 | D:10     | Reached skill level 10 in Short Blades
 15847 | D:10     | Found Sadafat's Weapon Shop.
 16320 | D:9      | Found a blossoming altar of Fedhas.
 16469 | D:9      | Reached skill level 1 in Spellcasting
 16612 | D:9      | Found a shattered altar of Ashenzari.
 16896 | D:9      | Learned a level 2 spell: Swiftness
 16896 | D:9      | Found Loic's Weapon Shoppe.
 17206 | D:9      | Defeated a griffon
 17522 | D:10     | Learned a level 4 spell: Animate Dead
 18194 | D:10     | Learned a level 5 spell: Twisted Resurrection
 19273 | D:10     | Reached skill level 5 in Necromancy
 19306 | D:11     | Found Plawn's Armour Shoppe.
 19307 | D:11     | Found Hunavaude's Weapon Shoppe.
 19307 | D:11     | Found a staircase to the Orcish Mines.
 19327 | D:11     | Noticed Joseph
 19432 | D:11     | Noticed a queen bee
 20875 | D:11     | Defeated Joseph
 21462 | D:10     | Paralysed by a giant eyeball for 2 turns
 21808 | D:11     | Defeated a queen bee
 21808 | D:11     | Reached XP level 11. HP: 60/75 MP: 16/20
 21888 | D:11     | Found a staircase to the Lair.
 21926 | D:11     | Miral: Da kämpft man sich bis Dungeon Ebene 11 durch und muss gegen Bienen kämpfen?
 21926 | D:11     | gegen RIESIGE BIENEN
 22039 | D:11     | dieser Char tut außerdem echt weh, so schwach ist er
 22189 | D:11     | das werde ich nie gewinnen
 22189 | D:11     | obwohl es schon so ist, dass das spiel immer einfacher wird
 22429 | D:11     | Miral: Ich bin schon froh wen ich mit Zwergen Bersis auf Ebene 7 komme
 22429 | D:11     | Deep Dwarf oder Mountain Dwarf?
 22429 | D:11     | erstere brauchen zwar mehr Micromanagement sind aber auf den frühen Ebenen
 22429 | D:11     | Ebenen überlegen
 22429 | D:11     | weil Wand of Heal Wounds
 22471 | D:11     | Miral: Mountain Drawf
 22471 | D:11     | Die sind wahrscheinlich anfängerfreundlicher
 22572 | D:11     | Du glaubst gar nicht, wie langwierig diese ganze Nekromantie-Sache
 22692 | D:12     | Noticed Grum
 22722 | D:12     | Defeated Grum
 23188 | D:12     | Learned a level 5 spell: Agony
 23188 | D:12     | Miral: Ah, jetzt versteh ich die Grau Zwerge (D&D Name) endlichh
 23188 | D:12     | Miral: Die sind überhaupt nicht in der Lage zu rasten!
 23188 | D:12     | Ja, du braucht einen Gott (meist Makhleb oder Elyvilon)
 23188 | D:12     | um das zu kompensieren
 23188 | D:12     | Trog kann's auch (Trog's Hand) aber das ist ein wenig
 23188 | D:12     | friemelig and langwierig
 23191 | D:12     | und schwer mit Pietäts-verwaltung
 23207 | D:12     | Learned a level 3 spell: Recall
 23898 | D:12     | Noticed Urug
 23913 | D:12     | Defeated Urug
 24222 | D:12     | Reached skill level 10 in Necromancy
 24752 | D:12     | Reached skill level 1 in Charms
 24959 | Lair:1   | Entered Level 1 of the Lair of Beasts
 25235 | Lair:1   | Identified a +1 pair of boots of running (You found it on level 1 of the Lair of Beasts)
 26169 | Lair:2   | Miral: Wow ! Grüne Ratten!
 26169 | Lair:2   | es gibt sogar orangene!
 26169 | Lair:2   | Außerdem Laborratten, die spucken Gift und Feuer, etc. :P
 27411 | Lair:3   | Reached skill level 5 in Charms
 28303 | Lair:3   | Reached skill level 1 in Translocations
 28516 | Lair:3   | Reached skill level 1 in Summonings
 29043 | Lair:4   | Reached skill level 5 in Spellcasting
 29593 | Lair:5   | Found a staircase to the Snake Pit.
 30000 | Lair:5   | Reached XP level 12. HP: 72/81 MP: 18/22
 30099 | Lair:5   | Found a crumbling entrance.
 30158 | Spider   | Entered a spider's nest
 31053 | Lair:6   | Reached skill level 5 in Dodging
 31155 | Lair:6   | Got a slimy animal skin
 31258 | Lair:6   | Identified the cursed +0 animal skin "Qiedwoim" (You found it on level 6 of the Lair of Beasts)
 31694 | Lair:6   | You fall through a shaft!
 31694 | Lair:8   | Entered Level 8 of the Lair of Beasts
 32277 | Lair:7   | Found a staircase to the Slime Pits.
 32289 | Lair:7   | Found a viscous altar of Jiyva.
 32323 | Lair:7   | Got a transparent war axe
 32324 | Lair:7   | Identified the +4,+3 war axe of Omnimm (You found it on level 7 of the Lair of Beasts)
 33789 | Lair:8   | Found a frozen archway.
 33876 | IceCv    | Entered an ice cave
 33970 | Lair:8   | Noticed a spiny worm
 33976 | Lair:8   | Defeated a spiny worm
 34225 | Lair:8   | Lawman0: I like your abomination army
 34225 | Lair:8   | I dislike it for its tedium and love it for its strength
 34543 | Lair:8   | Reached skill level 10 in Dodging
 34580 | Lair:8   | Lawman0: yum
 34595 | Lair:8   | looking forward to my disto qblade :D
 34595 | Lair:8   | Lawman0: fffff
 34595 | Lair:8   | Lawman0: that sounds like sex
 34595 | Lair:8   | yes, it sounds fun
 34686 | Lair:8   | I'm beginning to like this spell somehow :P
 34686 | Lair:8   | But I dread dragging all the dudes from Lair 1-8 and then to Orc
 34686 | Lair:8   | :/
 34686 | Lair:8   | Lawman0: :o
 36824 | Orc:1    | Entered Level 1 of the Orcish Mines
 37687 | Orc:4    | Entered Level 4 of the Orcish Mines
 37699 | Orc:4    | Reached XP level 13. HP: 87/87 MP: 6/24
 38118 | Orc:4    | Noticed Erica
 38121 | Orc:4    | Noticed Snorg
 38136 | Orc:4    | Defeated Snorg
 38253 | Orc:4    | Noticed Nikola
 38267 | Orc:4    | Defeated Nikola
 38352 | Orc:4    | Defeated an ogre mage
 38445 | Orc:4    | Found Psuciop's General Store.
 38445 | Orc:4    | Noticed a two-headed ogre
 38445 | Orc:4    | Noticed a cyclops
 38446 | Orc:4    | Noticed a rock troll
 38446 | Orc:4    | Noticed a two-headed ogre
 38448 | Orc:4    | Noticed a two-headed ogre
 38448 | Orc:4    | Noticed a two-headed ogre
 38449 | Orc:4    | Noticed an ogre mage
 38449 | Orc:4    | Noticed a two-headed ogre
 38459 | Orc:4    | Defeated a two-headed ogre
 39796 | Orc:4    | Defeated a two-headed ogre
 39832 | Orc:4    | Defeated an ogre mage
 39963 | Orc:4    | Defeated a rock troll
 40100 | Orc:4    | Defeated a cyclops
 40106 | Orc:4    | Noticed an orc high priest
 40117 | Orc:4    | Defeated an orc high priest
 40234 | Orc:4    | Noticed a cyclops
 40241 | Orc:4    | Found Phiud's Assorted Antiques.
 40250 | Orc:4    | Defeated a cyclops
 40296 | Orc:4    | Found Etaeddam's General Store.
 40298 | Orc:4    | Found Ryolulou's Magic Scroll Shoppe.
 40299 | Orc:4    | Noticed an iron troll
 40306 | Orc:4    | Defeated an iron troll
 40310 | Orc:4    | Noticed a two-headed ogre
 40316 | Orc:4    | Defeated a two-headed ogre
 40343 | Orc:4    | Defeated Erica
 40681 | Orc:4    | Defeated a two-headed ogre
 40754 | Orc:4    | Defeated a two-headed ogre
 41074 | Orc:2    | Found a shimmering altar of Xom.
 41205 | Orc:3    | Found a staircase to the Elven Halls.
 41210 | Orc:3    | Found a burning altar of Makhleb.
 41724 | D:10     | Bought a +6,+5 elven quick blade for 1941 gold pieces
 42017 | Temple   | Entered the Ecumenical Temple
 42183 | Temple   | Identified a +6,+5 elven quick blade of distortion (a +6,+5 elven quick blade corrupted by Lugonu)
 42903 | Orc:4    | Bought a scroll of enchant weapon III for 360 gold pieces
 43028 | D:13     | Noticed Gastronok
 43062 | D:13     | Defeated Gastronok
 43062 | D:13     | Reached skill level 10 in Charms
 43072 | D:13     | Noticed Maurice
 43143 | D:13     | Defeated Maurice
 43858 | D:13     | Paralysed by a giant eyeball for 2 turns
 44034 | D:13     | Noticed a deep elf fighter
 44034 | D:13     | Noticed a deep elf fighter
 44042 | D:13     | Defeated a deep elf fighter
 44055 | D:13     | Defeated a deep elf fighter
 44078 | D:13     | Noticed a deep elf knight
 44080 | D:13     | Defeated a deep elf knight
 44080 | D:13     | Defeated a deep elf fighter
 44091 | D:13     | Reached skill level 11 in Charms
 44101 | D:13     | Noticed a deep elf knight
 44118 | D:13     | Noticed a deep elf knight
 44126 | D:13     | Defeated a deep elf knight
 44130 | D:13     | Defeated a deep elf knight
 44188 | D:13     | Noticed a deep elf mage
 44197 | D:13     | Banished a deep elf mage
 44199 | D:13     | Noticed a deep elf mage
 44204 | D:13     | Banished a deep elf mage
 44356 | D:13     | Noticed a deep elf fighter
 44370 | D:13     | Defeated a deep elf fighter
 44443 | D:13     | Noticed a deep elf knight
 44449 | D:13     | Defeated a deep elf knight
 45044 | Lair:2   | Learned a level 6 spell: Haste
 45357 | D:13     | Reached XP level 14. HP: 78/93 MP: 28/28
 45675 | D:14     | Upgraded the game from 0.10-a0-1468-g09701da to 0.10-a0-1483-ge7e5fb8
 46161 | D:14     | Noticed Rupert
 46168 | D:14     | Defeated Rupert
 46168 | D:14     | Reached skill level 12 in Charms
 46426 | D:15     | Entered Level 15 of the Dungeon
 46482 | D:15     | You fall through a shaft!
 46495 | D:17     | Got an ancient scale mail
 46688 | D:17     | Identified the +5 scale mail of Dishonesty (You found it on level 17 of the Dungeon)
 47598 | D:15     | Identified a scroll of acquirement
 48037 | D:15     | Found a gateway to a ziggurat.
 48044 | D:15     | Found a flagged portal. 48062
                  | bailey
                  | Entered the bailey 48750
                  | bailey
                  | Got an ancient helmet 48754
                  | bailey
                  | Identified the -4 helmet of Cocytus (You acquired it in the bailey)
 48892 | D:15     | Found Friteit's General Store.
 49904 | D:16     | Noticed Josephine
 49910 | D:16     | Reached skill level 10 in Invocations
 49911 | D:16     | Defeated Josephine
 50118 | D:16     | Learned a level 3 spell: Mephitic Cloud
 50148 | D:16     | Reached skill level 1 in Conjurations
 51073 | Orc:4    | Bought a scroll of amnesia for 77 gold pieces
 51180 | Orc:4    | Learned a level 4 spell: Iskenderun's Mystic Blast
 51510 | Temple   | You are cast into the Abyss!
 51510 | Temple   | Cast into the Abyss (distortion unwield)
 51510 | Abyss    | Entered The Abyss
 51533 | Abyss    | Noticed a red ugly thing
 51546 | Abyss    | Noticed a red ugly thing
 51570 | Temple   | You pass through the gate.
 52429 | Temple   | You are cast into the Abyss!
 52429 | Temple   | Cast into the Abyss (distortion unwield)
 52436 | Abyss    | Found a burning altar of Makhleb.
 52563 | Abyss    | Noticed a tormentor
 52598 | Abyss    | Defeated a tormentor
 52750 | Abyss    | Noticed a silent spectre
 52910 | Abyss    | Noticed an ice dragon simulacrum
 52978 | Temple   | You pass through the gate.
 53451 | Temple   | You are cast into the Abyss!
 53451 | Temple   | Cast into the Abyss (distortion unwield)
 53567 | Temple   | You pass through the gate.
 53823 | D:2      | Defeated Sigmund
 54448 | D:14     | Reached skill level 5 in Conjurations
 54955 | D:17     | Noticed Frances
 54962 | D:17     | Defeated Frances
 55052 | D:17     | Got a faintly glowing amethyst amulet
 55142 | D:17     | Noticed Louise
 55153 | D:17     | Defeated Louise
 55390 | D:17     | Noticed a fire elemental
 55391 | D:17     | Noticed Azrael
 55391 | D:17     | Noticed a fire elemental
 55402 | D:17     | Defeated a fire elemental
 55427 | D:17     | Defeated Azrael
 55444 | D:17     | Reached XP level 15. HP: 50/98 MP: 12/29
 55460 | D:17     | Defeated a fire elemental
 56526 | D:17     | Noticed Nergalle
 56533 | D:17     | Defeated Nergalle
 56533 | D:17     | Reached skill level 5 in Summonings
 56735 | D:17     | Found a glowing golden altar of the Shining One.
 56737 | D:17     | Found a glowing silver altar of Zin.
 56738 | D:17     | Found a white marble altar of Elyvilon.
 57206 | D:18     | Identified the amulet of Mistrust (You found it on level 17 of the Dungeon)
 57673 | D:18     | Found a staircase to the Vaults.
 58014 | Vault:1  | Entered Level 1 of the Vaults
 58104 | Vault:1  | Found Isian's Assorted Antiques.
 58116 | Vault:1  | Bought a pair of transparent boots for 201 gold pieces
 58116 | Vault:1  | Bought an embroidered orcish robe for 15 gold pieces
 58127 | Vault:1  | Identified the cursed -4 pair of boots of Veek (You bought it in a shop on level 1 of the Vaults)
 59624 | Snake:1  | Entered Level 1 of the Snake Pit
 60262 | Snake:1  | Noticed Agnes
 60599 | Snake:1  | Noticed Wiglaf
 60659 | Snake:1  | You fall through a shaft!
 61041 | Snake:1  | Noticed Saint Roka
 62868 | Snake:1  | Reached skill level 10 in Summonings
 62883 | Snake:1  | Defeated Saint Roka
 62970 | Snake:1  | Got a pitted dagger
 63138 | Snake:1  | Defeated Agnes
 63138 | Snake:1  | Reached XP level 16. HP: 104/104 MP: 7/29
 63557 | Snake:3  | Found Ushrauq's Book Shoppe.
 64494 | Snake:4  | Found a deep blue altar of Sif Muna.
 64718 | Snake:4  | Noticed Donald
 64786 | Snake:4  | Defeated Donald
 64923 | Snake:4  | Identified the +3,+2 dagger of Karma (You found it on level 1 of the Snake Pit)
 65633 | Snake:5  | Entered Level 5 of the Snake Pit
 67064 | Snake:5  | Reached skill level 10 in Spellcasting
 70194 | Snake:5  | Got a serpentine rune of Zot
 70845 | Temple   | You are cast into the Abyss!
 70845 | Temple   | Cast into the Abyss (distortion unwield)
 71347 | Abyss    | Got a pair of faintly humming gloves
 71354 | Abyss    | Identified the +2 pair of gloves "Sinkiph" (You acquired it in the Abyss)
 71421 | Temple   | You pass through the gate.
 72556 | Temple   | You are cast into the Abyss!
 72556 | Temple   | Cast into the Abyss (distortion unwield)
 72714 | Temple   | You pass through the gate.
 74380 | Temple   | You are cast into the Abyss!
 74380 | Temple   | Cast into the Abyss (distortion unwield)
 74422 | Abyss    | Noticed a shining eye
 74611 | Temple   | You pass through the gate.
 74911 | Temple   | You are cast into the Abyss!
 74911 | Temple   | Cast into the Abyss (distortion unwield)
 74952 | Abyss    | Found a corrupted altar of Lugonu.
 75065 | Abyss    | Noticed a green ugly thing
 75069 | Abyss    | Noticed a green ugly thing
 75072 | Abyss    | Noticed a green ugly thing
 75072 | Abyss    | Noticed a green ugly thing
 75086 | Abyss    | Defeated a green ugly thing
 75090 | Abyss    | Defeated a green ugly thing
 75100 | Abyss    | Defeated a green ugly thing
 75103 | Abyss    | Defeated a green ugly thing
 75266 | Abyss    | Noticed a vampire
 75275 | Abyss    | Defeated a vampire
 75353 | Temple   | You pass through the gate.
 75468 | Temple   | You are cast into the Abyss!
 75468 | Temple   | Cast into the Abyss (distortion unwield)
 75713 | Temple   | You pass through the gate.
 76212 | Temple   | You are cast into the Abyss!
 76212 | Temple   | Cast into the Abyss (distortion unwield)
 76259 | Abyss    | Reached XP level 17. HP: 71/111 MP: 19/33
 76384 | Abyss    | Noticed a hill giant simulacrum
 76742 | Temple   | You pass through the gate.
 77455 | Snake:3  | Bought a book of Summonings for 1260 gold pieces
 77521 | Snake:3  | Learned a level 6 spell: Summon Ugly Thing
 77915 | Vault:1  | Noticed a deep elf priest
 77918 | Vault:1  | Noticed a deep elf mage
 77918 | Vault:1  | Noticed a deep elf mage
 77925 | Vault:1  | Defeated a deep elf priest
 77936 | Vault:1  | Defeated a deep elf mage
 77939 | Vault:1  | Defeated a deep elf mage
 79450 | Vault:2  | Reached skill level 13 in Summonings
 79596 | Vault:2  | Noticed Boris
 79857 | Vault:2  | Defeated Boris
 81279 | Vault:3  | Got an engraved book
 81280 | Vault:3  | Identified the Compendium of Warped Summoning (You found it on level 3 of the Vaults)
 81737 | Vault:3  | Noticed Boris
 82020 | Vault:3  | Found a staircase to the Crypt.
 82779 | Vault:2  | Reached skill level 14 in Summonings
 83902 | Vault:4  | Noticed a deep elf priest
 83905 | Vault:4  | Defeated a deep elf priest
 84677 | Crypt:1  | Entered Level 1 of the Crypt
 86497 | Crypt:1  | Noticed a small abomination
 86502 | Crypt:1  | Defeated a small abomination
 86509 | Crypt:1  | Reached XP level 18. HP: 100/117 MP: 6/33
 87515 | Crypt:1  | Reached skill level 15 in Summonings
 88865 | Vault:3  | Found a gateway to a bazaar.
 89145 | Vault:4  | Noticed Margery
 89323 | Vault:4  | Defeated Margery
 92022 | Vault:3  | Learned a level 7 spell: Summon Greater Demon
 92026 | Vault:3  | Learned a level 3 spell: Abjuration
 92644 | Vault:3  | Defeated Boris
 94299 | Crypt:3  | Found a staircase to the Tomb.
 96048 | Crypt:4  | Noticed Khufu
 96261 | Crypt:4  | Defeated Khufu
 97094 | Crypt:2  | Reached XP level 19. HP: 122/122 MP: 12/35
 99703 | Crypt:5  | Entered Level 5 of the Crypt 99953
                  | bazaar
                  | Entered a bazaar 99953
                  | bazaar
                  | Found Mnerel's Magic Scroll Boutique. 99959
                  | bazaar
                  | Found Klyrcheoj's General Store. 99968
                  | bazaar
                  | Bought a scroll of blinking for 77 gold pieces 99981
                  | bazaar
                  | Found Onuast's Antique Armour Boutique. 99990
                  | bazaar
                  | Bought an embroidered robe for 15 gold pieces 100008
                  | bazaar
                  | Found Iciafis' Antique Weapon Shoppe. 100015
                  | bazaar
                  | Found Reygasub's Magical Wand Shoppe. 100025
                  | bazaar
                  | Bought a wand of hasting (4) for 432 gold pieces 100025
                  | bazaar
                  | Bought a wand of heal wounds (4) for 432 gold pieces 100026
                  | bazaar
                  | Bought a wand of digging (4) for 144 gold pieces 100038
                  | bazaar
                  | Bought a scroll of enchant weapon I for 88 gold pieces 100038
                  | bazaar
                  | Bought a scroll of enchant weapon I for 88 gold pieces 100038
                  | bazaar
                  | Bought a scroll of enchant weapon III for 320 gold pieces 100038
                  | bazaar
                  | Bought a scroll of recharging for 88 gold pieces 100038
                  | bazaar
                  | Bought a scroll of amnesia for 88 gold pieces 100061
                  | bazaar
                  | Bought a wand of teleportation (5) for 378 gold pieces 100108
                  | bazaar
                  | Bought a pair of glowing orcish boots for 26 gold pieces
102399 | Crypt:5  | Noticed a lich
102414 | Crypt:5  | Defeated a lich
102447 | Crypt:5  | Noticed an ancient lich
102454 | Crypt:5  | Defeated an ancient lich
103002 | Crypt:5  | Found a basalt altar of Yredelemnul.
103035 | Crypt:5  | Got a crystal amulet
103049 | Crypt:5  | Identified the amulet of Cekugob (You found it on level 5 of the Crypt)
103145 | Crypt:5  | Noticed a lich
103157 | Crypt:5  | Defeated a lich
104590 | Vault:3  | Learned a level 7 spell: Haunt
105226 | Vault:5  | You fall through a shaft!
106059 | Vault:6  | Found Kludd's Magical Wand Shoppe.
106571 | Vault:6  | Noticed Boris
106583 | Vault:6  | Defeated Boris
106875 | Vault:6  | Found a staircase to the Hall of Blades.
107074 | Vault:6  | Reached XP level 20. HP: 129/129 MP: 2/37
107416 | Vault:7  | Noticed Frederick
107424 | Vault:7  | Defeated Frederick
107430 | Vault:7  | Found a flickering gateway to a bazaar. 107444
                  | bazaar
                  | Entered a bazaar 107547
                  | bazaar
                  | Found Xaape's Magical Wand Shop. 107574
                  | bazaar
                  | Found Ryanyow's Magic Scroll Shop. 107574
                  | bazaar
                  | Found Schistipn's Distillery. 107600
                  | bazaar
                  | Found Irofeoto's Weapon Shop. 107636
                  | bazaar
                  | Bought a scroll of enchant weapon III for 420 gold pieces 107636
                  | bazaar
                  | Bought a scroll of enchant weapon I for 115 gold pieces 107636
                  | bazaar
                  | Bought a scroll of recharging for 115 gold pieces
107670 | Vault:7  | Found Tubitt's Antique Armour Shoppe.
107869 | Vault:7  | Noticed Xtahua
107871 | Vault:7  | Found Woubuara's General Store.
107896 | Vault:7  | Defeated Xtahua
108461 | Vault:7  | Noticed Mara
109082 | Vault:7  | Found Phixtu's Assorted Antiques.
109139 | Vault:7  | Found Welodd's General Store.
109994 | Vault:7  | Defeated Mara
109994 | Vault:7  | Reached skill level 15 in Spellcasting
110612 | Vault:7  | Got a rare book
110629 | Vault:7  | Identified the Papyrus of the Oath (You found it on level 7 of the Vaults)
110753 | Vault:8  | Entered Level 8 of the Vaults
111101 | Vault:5  | Found a white marble altar of Elyvilon.
111895 | Elf:1    | Entered Level 1 of the Elven Halls
112346 | Elf:1    | Learned a level 2 spell: Blink
112349 | Elf:1    | Learned a level 2 spell: Repel Missiles
113534 | Elf:2    | Noticed Roxanne
113547 | Elf:2    | Defeated Roxanne
114058 | Elf:3    | Noticed Norris
114076 | Elf:3    | Defeated Norris
114101 | Elf:3    | Got a faintly humming buckler
114112 | Elf:3    | Identified the +6 buckler "Ogafaho" (You took it off Norris on level 3 of the Elven Halls)
114749 | Elf:3    | Reached skill level 5 in Translocations
116840 | Elf:5    | Entered Level 5 of the Elven Halls
116884 | Elf:5    | Found Pnow's Distillery.
117240 | Elf:5    | Defeated a deep elf blademaster
117806 | Elf:5    | oh no you don't, dude
117807 | Elf:5    | wait what
117807 | Elf:5    | :(
119509 | Elf:5    | Noticed a deep elf master archer
119510 | Elf:5    | Noticed a deep elf blademaster
119531 | Elf:5    | Defeated a deep elf master archer
119535 | Elf:5    | Defeated a deep elf blademaster
119573 | Elf:5    | Got a steaming marble ring
119660 | Elf:5    | Got an engraved book
119661 | Elf:5    | Identified the Catalogue of Congealing Combat Magic (You found it on level 5 of the Elven Halls)
119923 | Elf:5    | Noticed a deep elf master archer
119932 | Elf:5    | Defeated a deep elf master archer
120247 | Elf:5    | Got a vibrating tin ring
120369 | Elf:5    | Identified the ring of Megalomania (You found it on level 5 of the Elven Halls)
121426 | Elf:5    | screw thus
121426 | Elf:5    | screw this
121773 | Elf:5    | Identified the ring "Bublout" (You found it on level 5 of the Elven Halls)
121774 | Elf:5    | don't screw this though
122477 | Elf:4    | oh, come on!
122726 | Orc:4    | Defeated a two-headed ogre
122726 | Orc:4    | Reached XP level 21. HP: 134/134 MP: 38/38
122765 | Orc:4    | Bought a scroll of acquirement for 2028 gold pieces
122766 | Orc:4    | Bought a scroll of enchant armour for 214 gold pieces
122771 | Orc:4    | Got a smelly skin
122778 | Orc:4    | Identified the +4 skin of Zhor (You acquired it on level 4 of the Orcish Mines)
122792 | Orc:4    | not bad!
123068 | Lair:4   | Found a staircase to the Swamp.
123478 | Swamp:1  | Entered Level 1 of the Swamp
123739 | Swamp:3  | Noticed Aizul
123760 | Swamp:3  | Defeated Aizul
124318 | Swamp:5  | Entered Level 5 of the Swamp
125140 | Swamp:5  | Got a decaying rune of Zot
125653 | Slime:1  | Entered Level 1 of the Pits of Slime
127033 | Slime:5  | Paralysed by a giant eyeball for 2 turns
127033 | Slime:5  | Reached skill level 10 in Translocations
127041 | Slime:5  | Paralysed by a giant eyeball for 4 turns
127198 | Slime:6  | Entered Level 6 of the Pits of Slime
127208 | Slime:5  | You are cast into the Abyss!
127208 | Slime:5  | Cast into the Abyss (distortion unwield)
127471 | Abyss    | Noticed a giant eyeball
127475 | Abyss    | Paralysed by a giant eyeball for 3 turns
127481 | Abyss    | Defeated a giant eyeball
127498 | Slime:5  | You pass through the gate.
128057 | Slime:5  | You are cast into the Abyss!
128057 | Slime:5  | Cast into the Abyss (distortion unwield)
128182 | Slime:5  | You pass through the gate.
132899 | Slime:6  | Noticed the royal jelly
132909 | Slime:6  | Defeated the royal jelly
132994 | Abyss    | Noticed a death drake
133040 | Slime:6  | You pass through the gate.
134323 | Slime:6  | Got a slimy rune of Zot
134573 | Slime:6  | Got a yellowed book
134574 | Slime:6  | Identified the Almanac of Freezing Improving Self (You found it on level 6 of the Pits of Slime)
134584 | Slime:6  | Got a shimmering cloak
134643 | Slime:6  | Got a faintly humming robe
135029 | Lair:2   | Identified the cursed -2 cloak "Smoidaun" (You found it on level 6 of the Pits of Slime)
135037 | Lair:2   | Identified the cursed +1 robe of Creativity (You found it on level 6 of the Pits of Slime)
135288 | Elf:2    | Learned a level 1 spell: Apportation
135564 | D:19     | Found Kunesch's Magical Wand Boutique.
135602 | D:19     | Found Klickutah's Magical Wand Shoppe.
135635 | D:19     | Reached XP level 22. HP: 130/138 MP: 4/37
135759 | D:19     | Found a shimmering altar of Xom.
135952 | D:19     | Found a flickering gateway to a bazaar.
136010 | D:19     | Found Jianifum's Assorted Antiques.
136080 | D:19     | Found Kaimoim's Distillery. 136212
                  | bazaar
                  | Entered a bazaar 136461
                  | bazaar
                  | Found Ciud's Food Boutique. 136499
                  | bazaar
                  | Found Zaafa's Jewellery Boutique. 136523
                  | bazaar
                  | Found Aremah's Magic Scroll Emporium. 136528
                  | bazaar
                  | Bought 3 scrolls of recharging for 198 gold pieces 136560
                  | bazaar
                  | Found Esmet's Distillery. 136624
                  | bazaar
                  | Found Smowagich's Assorted Antiques.
136937 | D:20     | Entered Level 20 of the Dungeon
136990 | D:20     | Reached skill level 1 in Air Magic
138299 | D:21     | Found a one-way gate to the infinite horrors of the Abyss.
138807 | D:16     | Learned a level 7 spell: Controlled Blink
139537 | D:21     | Found Ekhlaxze's Jewellery Emporium.
139981 | D:21     | Found a gateway to Hell.
140257 | D:21     | Reached skill level 5 in Fighting
141151 | Hell     | Entered the Vestibule of Hell
141151 | Hell     | Noticed Geryon
141163 | Hell     | Defeated Geryon
141863 | D:22     | Found a one-way gate leading to the halls of Pandemonium.
142994 | D:23     | Got a graven book
142995 | D:23     | Identified the Tome of Hexes and Talismans (You found it on level 23 of the Dungeon)
144960 | D:24     | Paralysed by you for 6 turns
145243 | D:25     | Entered Level 25 of the Dungeon
146245 | D:25     | Reached skill level 10 in Fighting
146753 | D:25     | Found a gateway to a ziggurat.
148636 | Vault:3  | Learned a level 5 spell: Shadow Creatures
148642 | Vault:3  | A glowing shapeshifter changed into a shining eye
148648 | Vault:3  | A sea snake changed into a shining eye
148649 | Vault:3  | A shining eye changed into a merfolk
148653 | Vault:3  | A shining eye changed into a swamp dragon
148657 | Vault:3  | A swamp dragon changed into a pulsating lump
149210 | D:26     | Reached XP level 23. HP: 161/165 MP: 31/37
150287 | D:26     | Reached skill level 1 in Traps & Doors
150323 | D:26     | Got an ivory dagger
151593 | D:26     | Identified the Vampire's Tooth {vamp} (You found it on level 26 of the Dungeon)
152676 | D:26     | Paralysed by you for 5 turns
153247 | D:27     | Entered Level 27 of the Dungeon
153247 | D:27     | Found Twiupoz's Distillery.
153542 | Zot:1    | Entered Level 1 of the Realm of Zot
153989 | Vault:1  | Bought a scroll of magic mapping for 108 gold pieces
154165 | Vault:7  | Bought a scroll of magic mapping for 70 gold pieces
155083 | D:27     | Found Ehopluil's Antique Weapon Shoppe.
155766 | Zot:1    | Reached skill level 5 in Traps & Doors
156089 | Zot:1    | HP: 8/167 [red draconian annihilator/searing blast (41)]
156090 | Zot:1    | Engulfed by a red draconian annihilator's flame
